 Dungeon Crawl Stone Soup version 0.19.0-22-gd96e5fe (webtiles) character file.

94424 emikaela the Spry (level 15, -3/144 HPs)
             Began as a Deep Dwarf Ice Elementalist on Nov 18, 2016.
             Was the Champion of Makhleb.
             Slain by a shock serpent (11 damage)
             ... on level 4 of the Lair of Beasts on Nov 19, 2016.
             The game lasted 03:11:03 (33304 turns).

emikaela the Spry (Deep Dwarf Ice Elementalist)    Turns: 33304, Time: 03:11:04

Health: -3/144     AC: 18    Str: 12    XL:     15   Next: 63%
Magic:  21/25      EV: 25    Int: 27    God:    Makhleb [******]
Gold:   1936       SH:  0    Dex: 21    Spells: 5 memorised, 6 levels left

rFire  + + +     SeeInvis +     a - +4 hunting sling of Wariness {freeze, MR+}
rCold  . . .     Gourm    .     V - +3 leather armour {rF+}
rNeg   + . .     Faith    .     (no shield)
rPois  +         Spirit   .     Z - +0 helmet
rElec  .         Reflect  .     L - +1 cloak {MR+}
rCorr  .         Harm     +     (no gloves)
MR     +++++                    u - +0 pair of boots
Stlth  +++.......               G - amulet of Cacsakuf {Harm *Corrode *Drain rF+ Int+10 SInv}
                                v - ring of poison resistance
                                x - ring "Ywimpec" {rF+ MR+ Dex+3 Stlth+}

@: confused, icy armour (expiring), non-regenerating, repel missiles, slow
A: damage resistance, recharge devices, negative energy resistance 1, sense
surroundings 2, slow regeneration 3
a: Device Recharging, Minor Destruction, Lesser Servant of Makhleb, Major
Destruction, Greater Servant of Makhleb, Renounce Religion


You were on level 4 of the Lair of Beasts.
You worshipped Makhleb.
Makhleb was exalted by your worship.
You were not hungry.

You visited 4 branches of the dungeon, and saw 24 of its levels.
You also visited: Volcano.

You collected 2325 gold pieces.
You spent 389 gold pieces at shops.

Inventory:

Hand Weapons
 a - the +4 hunting sling of Wariness (weapon) {freeze, MR+}
   (You found it on level 4 of the Dungeon)

   It causes projectiles fired from it to freeze those they strike, causing
   extra injury to most foes and up to half again as much damage against
   particularly susceptible opponents.
   They can also slow down cold-blooded creatures.
   It affects your resistance to hostile enchantments.
 b - a +1 lajatang of flaming
Missiles
 j - 231 stones (quivered)
 p - 18 sling bullets
Armour
 u - a +0 pair of boots (worn)
 L - a +1 cloak of magic resistance (worn)
 V - a +3 leather armour of fire resistance (worn)
 Z - a +0 helmet (worn)
Jewellery
 v - a ring of poison resistance (right hand)
 x - the ring "Ywimpec" (left hand) {rF+ MR+ Dex+3 Stlth+}
   (You acquired it on level 2 of the Lair of Beasts)

   [ring of protection from fire]

   It affects your dexterity (+3).
   It protects you from fire.
   It affects your resistance to hostile enchantments.
   It makes you more stealthy.
 G - the amulet of Cacsakuf (around neck) {Harm *Corrode *Drain rF+ Int+10 SInv}
   (You acquired it on level 2 of the Lair of Beasts)

   [amulet of harm]

   It increases damage dealt and taken.
   It affects your intelligence (+10).
   It protects you from fire.
   It lets you see invisible.
   It may corrode you when you take damage.
   It causes draining when unequipped.
 H - an uncursed ring of ice
Wands
 c - a wand of heal wounds (0/9)
 e - a wand of iceblast (4/15)
 h - a wand of acid (7/15)
 r - a wand of digging (15/24)
 t - a wand of flame (34/48)
 M - a wand of lightning (3/15)
 P - a wand of confusion (12/48)
 T - a wand of lightning (3/15)
Scrolls
 k - 13 scrolls of teleportation
 o - 18 scrolls of remove curse
 s - a scroll of fog
 w - 2 scrolls of magic mapping
 y - a scroll of holy word
 z - 4 scrolls of enchant weapon
 D - a scroll of summoning
 I - 6 scrolls of fear
 Q - a scroll of blinking {unknown}
 X - a scroll of brand weapon {unknown}
Potions
 f - 4 potions of agility
 m - 4 potions of berserk rage
 n - 2 potions of magic
 B - 7 potions of curing
 E - 5 potions of haste
 F - a potion of flight
 R - 3 potions of brilliance
 S - a potion of might
 U - 2 potions of resistance
 W - 2 potions of cancellation
Books
 J - a book of Necromancy
 O - a book of Minor Magic
Comestibles
 d - 11 bread rations
 K - 7 chunks of flesh


   Skills:
 - Level 12.0 Fighting
 * Level 8.0 Staves
 - Level 12.0 Slings
 - Level 5.1 Armour
 - Level 15.0 Dodging
 - Level 10.0 Stealth
 - Level 2.0 Spellcasting
 - Level 2.0 Conjurations
 - Level 3.0 Charms
 - Level 6.0 Ice Magic
 - Level 15.0 Invocations
 - Level 10.0 Evocations


You had 6 spell levels left.
You knew the following spells:

 Your Spells              Type           Power        Failure   Level  Hunger
a - Freeze                Ice            ####         1%          1    None
b - Summon Ice Beast      Ice/Summ       ###.....     34%         4    ####...
c - Ozocubu's Armour      Chrm/Ice       ####....     8%          3    ###....
f - Throw Frost           Conj/Ice       ###...       3%          2    ##.....
m - Repel Missiles        Chrm/Air       ##....       12%         2    ##.....


Dungeon Overview and Level Annotations

Branches:
Dungeon (15/15)            Temple (0/1) D:7            Lair (6/6) D:11
 Shoals (0/4) Lair:3        Snake (1/4) Lair:4        Slime (0/5) Lair:5
    Orc (2/2) D:12            Elf (0/3) Orc:2        Vaults (0/5) D:13
 Depths (0/5) D:15

Altars:
Elyvilon
Hepliaklqana
Makhleb
Nemelex Xobeh
Ru
Sif Muna
Trog
Uskayaw
Xom
Beogh

Shops:
D:9 %   Orc:2 ([=?

Annotations:
D:3 Enish's ghost, amateur MiBe
D:5 Menkaure
D:6 Grinder; Sigmund
D:14 exclusion: Roxanne, Roxanne
Lair:3 exclusion: oklob plant


Innate Abilities, Weirdness & Mutations

You are resistant to damage.
You can recharge devices by infusing magical energy.
You resist negative energy. (rN+)
You passively map the area around you.
You do not regenerate.


Message History

The bolt of electricity is repelled.
Casting: Freeze
Confirm with . or Enter, or press ? or * to list all spells.
Okay, then.
Evoke which item? (* to show all) (? for menu, Esc to quit)
Zapping:
c - a wand of heal wounds (1/9)
Press: ? - help, Shift-Dir - straight line, f - you, p - shock serpent You feel much better.
This wand has 0 charges left.
Your icy armour starts to melt.
The shock serpent shoots out a bolt of lightning at you!
The bolt of electricity misses you. The bolt of electricity hits you!
* * * LOW HITPOINT WARNING * * *
The salamander completely misses you.
Evoke which item? (* to show all) (? for menu, Esc to quit)
Okay, then.
Okay, then.
You are confused.
You feel invigorated. The shock serpent bites you.
The shock serpent shocks you!
You die...

............................#
#.....#P..##P.........###...#
......##...##.##.#####.#.#..#
#.....##.....##...########..#
#......รท....##.....##..##...#
............##.....##.......#
#......#.####..###..#..##...##
......###.###..S....#.###....#
............#...@(..#.###...##
............#...N...#.#..#..##
............#..###..#........#
............##.....##........#
.............#.....#........##
.............##.)[##........##
..............##)##..........#
....###.#........[.##'###P..##
....#####.##.....PP##.# #....#


You could see a salamander and a shock serpent.

Vanquished Creatures
  A fire giant (D:15)
  An orc warlord (Orc:2)
  Josephine (D:13)
  Snorg (Lair:6)
  An ogre mage (Volcano)
  The ghost of newuser the Grappler, a journeyman MiBe of Trog (Volcano)
  The ghost of Uhlv the Fighter, a journeyman GrBe of Trog (D:12)
  Fannar (Orc:1)
  A catoblepas (Lair:6)
  4 hydras
  2 dancing weapons (D:13)
  3 centaur warriors
  A tengu warrior (D:13)
  2 orc high priests (Orc:2)
  Urug (D:14)
  A hell knight (Volcano)
  4 skeletal warriors (D:12)
  An unseen horror (D:15)
  4 hill giants
  Pikel (D:4)
  5 orc knights (Orc:2)
  An orb spider (shapeshifter) (D:13)
  2 salamanders (Lair:4)
  8 ugly things
  2 cyclopes
  9 elephants
  Maurice (D:10)
  5 centaur zombies
  A water nymph (shapeshifter) (D:13)
  7 black mambas
  2 centaur skeletons
  3 gargoyles
  16 spiny frogs
  2 kobold demonologists (Lair:1)
  7 komodo dragons
  6 trolls
  7 polar bears
  3 meliai (D:15)
  A queen bee (D:8)
  7 two-headed ogres
  4 hornets
  8 slime creatures
  25 blink frogs
  14 hippogriffs
  A hippogriff (shapeshifter) (D:14)
  A vampire (D:15)
  3 wraiths
  A centaur simulacrum (D:15)
  12 spriggans
  3 wyverns
  Eustachio (D:6)
  6 fire bats (Volcano)
  49 yaks
  Grum (Lair:1)
  2 basilisks
  3 hungry ghosts
  Edmund (D:5)
  11 vampire mosquitoes
  A warg (Orc:2)
  7 nagas (Lair:4)
  A mottled dragon (D:15)
  10 water moccasins
  8 porcupines
  2 hell hounds (Orc:2)
  33 orc warriors
  2 sky beasts
  2 ice beasts
  3 black bears
  5 phantoms
  10 ogres
  2 boggarts (Lair:6)
  A necrophage (D:9)
  10 crocodiles
  38 wolves
  9 centaurs
  3 big kobolds
  2 wyvern zombies
  16 bullfrogs
  3 water moccasin skeletons
  A wyvern skeleton (D:14)
  4 scorpions
  28 killer bees
  9 wights
  4 howler monkeys
  3 electric eels
  6 crimson imps
  8 lava snakes (Volcano)
  11 hounds
  2 bullfrog zombies
  5 jellies
  3 gnoll shamans
  30 orc wizards
  39 orc priests
  A bullfrog skeleton (D:7)
  Terence (D:3)
  3 iguanas
  Ijyb (D:3)
  13 worker ants
  2 hound skeletons
  A worker ant zombie (D:6)
  10 gnolls
  20 adders
  3 shadow imps
  An ooze (D:2)
  2 worms
  A dart slug (D:1)
  5 leopard geckos
  100 orcs
  2 ball pythons
  4 giant cockroaches
  10 goblins
  4 hobgoblins
  8 jackals
  8 quokkas
  12 bats
  7 frilled lizards
  16 kobolds
  A leopard gecko skeleton (D:4)
  8 rats
839 creatures vanquished.

Vanquished Creatures (collateral kills)
  2 orc high priests (Orc:2)
  An ugly thing (D:13)
  A polar bear (Lair:6)
  2 hornets (Lair:6)
  3 wraiths (D:13)
  A redback (Lair:6)
  4 spriggans (Lair:6)
  A soldier ant (D:13)
  A water moccasin (Lair:6)
  4 orc warriors (Orc:2)
  6 wolves (Lair:6)
  A boggart (Lair:6)
  7 killer bees (D:8)
  A crimson imp (D:13)
  2 orc priests (Orc:2)
  An orc (Orc:2)
38 creatures vanquished.

Vanquished Creatures (others)
  An orc high priest (Orc:2)
  A frilled lizard (D:4)
  15 fungi
  6 plants
23 creatures vanquished.

Grand Total: 900 creatures vanquished

Notes
Turn   | Place    | Note
-------+----------+-------------------------------------------
     0 | D:1      | emikaela the Deep Dwarf Ice Elementalist began the quest for the Orb.
     0 | D:1      | Reached XP level 1. HP: 15/15 MP: 3/3
   228 | D:1      | Reached XP level 2. HP: 22/22 MP: 0/4
   737 | D:2      | Found a shimmering altar of Xom.
   739 | D:2      | Found a burning altar of Makhleb.
   759 | D:2      | Became a worshipper of Makhleb the Destroyer
   858 | D:2      | Reached XP level 3. HP: 24/28 MP: 1/5
   871 | D:2      | Learned a level 2 spell: Throw Frost
   945 | D:2      | Reached skill level 1 in Conjurations
  1290 | D:2      | Reached * piety under Makhleb
  1405 | D:2      | Reached XP level 4. HP: 18/36 MP: 2/6
  1735 | D:2      | Learned a level 3 spell: Ozocubu's Armour
  2172 | D:3      | Noticed Enish's ghost (amateur MiBe)
  2240 | D:3      | Reached skill level 1 in Charms
  2240 | D:3      | Reached XP level 5. HP: 29/42 MP: 0/8
  2332 | D:3      | Found a hazy altar of Hepliaklqana.
  2360 | D:3      | Noticed Terence
  2367 | D:3      | Killed Terence
  2427 | D:3      | Found a white marble altar of Elyvilon.
  2694 | D:3      | Found a faded altar of an unknown god.
  2867 | D:3      | Found a hide-covered altar of Uskayaw.
  2868 | D:3      | Noticed Ijyb
  2880 | D:3      | Killed Ijyb
  2880 | D:3      | Reached ** piety under Makhleb
  2880 | D:3      | Reached skill level 5 in Ice Magic
  3295 | D:4      | Reached skill level 1 in Evocations
  3295 | D:4      | Reached XP level 6. HP: 50/50 MP: 6/9
  3443 | D:4      | Reached skill level 1 in Invocations
  3523 | D:4      | Got a twisted hunting sling
  3524 | D:4      | Identified the +4 hunting sling of Wariness {freeze, MR+} (You found it on level 4 of the Dungeon)
  3764 | D:4      | Reached skill level 1 in Fighting
  3968 | D:4      | Noticed a slave
  4038 | D:4      | Noticed Pikel
  4038 | D:4      | Noticed a slave
  4040 | D:4      | Noticed a slave
  4041 | D:4      | Noticed a slave
  4058 | D:4      | Killed Pikel
  4058 | D:4      | Reached XP level 7. HP: 49/61 MP: 10/10
  4560 | D:5      | Entered Level 5 of the Dungeon
  4650 | D:5      | Reached XP level 8. HP: 68/68 MP: 10/10
  4723 | D:5      | Reached skill level 1 in Slings
  4729 | D:5      | Learned a level 4 spell: Summon Ice Beast
  4961 | D:5      | Noticed Menkaure
  5044 | D:5      | Noticed Edmund
  5066 | D:5      | Killed Edmund
  5066 | D:5      | Reached skill level 5 in Invocations
  5660 | D:6      | Reached skill level 5 in Dodging
  5672 | D:6      | Noticed Grinder
  5914 | D:6      | Noticed Sigmund
  6053 | D:6      | Noticed Eustachio
  6072 | D:6      | Killed Eustachio
  6132 | D:6      | Reached *** piety under Makhleb
  6134 | D:6      | Gained mutation: You passively map the area around you. [Deep Dwarf growth]
  6134 | D:6      | Reached XP level 9. HP: 79/79 MP: 11/11
  6148 | D:6      | Found a sparkling altar of Nemelex Xobeh.
  6632 | D:7      | Found a staircase to the Ecumenical Temple.
  6658 | D:7      | Found a bloodstained altar of Trog.
  6953 | D:7      | Reached skill level 5 in Evocations
  6962 | D:7      | Reached skill level 5 in Fighting
  7738 | D:8      | Noticed a queen bee
  7758 | D:8      | Reached skill level 5 in Slings
  7760 | D:8      | Killed a queen bee
  7769 | D:8      | Reached **** piety under Makhleb
  8131 | D:8      | Reached XP level 10. HP: 91/91 MP: 13/13
  9770 | D:9      | Reached ***** piety under Makhleb
 10108 | D:9      | Found Foifet's Food Boutique.
 10124 | D:9      | Found a sacrificial altar of Ru.
 10169 | D:9      | Reached skill level 10 in Dodging
 10976 | D:10     | Entered Level 10 of the Dungeon
 10986 | D:9      | Reached XP level 11. HP: 53/97 MP: 15/16
 11082 | D:10     | Noticed Maurice
 11094 | D:10     | Killed Maurice
 11381 | D:10     | Noticed a hill giant
 11404 | D:10     | Killed a hill giant
 11477 | D:10     | Found a roughly hewn altar of Beogh.
 12059 | D:11     | Found a staircase to the Lair.
 12076 | D:11     | Noticed a soul eater
 12092 | Lair:1   | Entered Level 1 of the Lair of Beasts
 12390 | D:11     | Noticed a red ugly thing
 12414 | D:11     | Killed a red ugly thing
 12783 | D:11     | Reached skill level 5 in Stealth
 12848 | D:11     | Reached ****** piety under Makhleb
 14530 | Lair:1   | Reached skill level 10 in Evocations
 14536 | Lair:1   | Reached XP level 12. HP: 109/109 MP: 5/18
 14865 | Lair:1   | Noticed Grum
 14879 | Lair:1   | Killed Grum
 15223 | Lair:1   | Reached skill level 10 in Invocations
 15548 | Lair:2   | Got an encrusted short sword
 15916 | Lair:2   | Identified 2 scrolls of acquirement
 15917 | Lair:2   | Got a brightly glowing tin ring
 15919 | Lair:2   | Identified the ring "Ywimpec" {rF+ MR+ Dex+3 Stlth+} (You acquired it on level 2 of the Lair of Beasts)
 15939 | Lair:2   | Got an ancient golden amulet
 15941 | Lair:2   | Identified the amulet of Cacsakuf {Harm *Corrode *Drain rF+ Int+10 SInv} (You acquired it on level 2 of the Lair of Beasts)
 16658 | Lair:2   | Noticed a four-headed hydra
 17178 | Lair:3   | Got an ichor-stained hand crossbow
 17189 | Lair:3   | Identified the +6 hand crossbow "Vuomna" {speed, Str-2 Int+5} (You found it on level 3 of the Lair of Beasts)
 17275 | Lair:3   | Found a staircase to the Shoals.
 17581 | Lair:3   | Identified the +7 short sword "Fiasogud" {holy, rC+ Int+7} (You found it on level 2 of the Lair of Beasts)
 18269 | Lair:4   | Found a staircase to the Snake Pit.
 18781 | Lair:4   | Reached XP level 13. HP: 120/120 MP: 15/19
 18879 | Lair:4   | Reached skill level 15 in Dodging
 19384 | Lair:5   | Found a staircase to the Slime Pits.
 19423 | Lair:5   | Reached skill level 1 in Armour
 19710 | Lair:5   | Reached skill level 10 in Stealth
 20315 | Lair:5   | Reached skill level 10 in Slings
 20705 | Lair:6   | Entered Level 6 of the Lair of Beasts
 20708 | Lair:6   | Noticed Snorg
 20720 | Lair:6   | Killed Snorg
 20994 | Lair:6   | Reached skill level 5 in Armour
 21008 | Lair:5   | Reached skill level 10 in Fighting
 21448 | Lair:6   | Got polished fire dragon scales
 21464 | Lair:6   | Identified the +2 fire dragon scales of Intuition {rF++ rC- Dex+3} (You found it on level 6 of the Lair of Beasts)
 22148 | Lair:6   | Gained mutation: You resist negative energy. (rN+) [Deep Dwarf growth]
 22148 | Lair:6   | Reached XP level 14. HP: 133/133 MP: 20/20
 23974 | D:12     | Found a staircase to the Orcish Mines.
 23993 | D:12     | Found a roughly hewn altar of Beogh.
 24202 | D:12     | Noticed Uhlv's ghost (journeyman GrBe)
 24252 | D:12     | Killed Uhlv's ghost
 24885 | Orc:1    | Entered Level 1 of the Orcish Mines
 24926 | Orc:1    | Noticed Fannar
 24948 | Orc:1    | Killed Fannar
 25273 | Orc:2    | Entered Level 2 of the Orcish Mines
 25416 | Orc:2    | Found a dark tunnel.
 25429 | Volcano  | Entered a volcano
 25538 | Volcano  | Noticed newuser's ghost (journeyman MiBe)
 25566 | Volcano  | Killed newuser's ghost
 25742 | Volcano  | Found a burning altar of Makhleb.
 26163 | Orc:2    | Found a staircase to the Elven Halls.
 26848 | Orc:2    | Noticed an orc warlord
 26879 | Orc:2    | Killed an orc warlord
 28280 | Orc:2    | Found Qall's Jewellery Shop.
 28349 | Orc:2    | Found Xyeloo's Weapon Shop.
 28351 | Orc:2    | Found Pecsomil's Armour Boutique.
 28353 | Orc:2    | Found Fow Deuk's Magic Scroll Shop.
 28358 | Orc:2    | Bought a scroll of magic mapping for 45 gold pieces
 28358 | Orc:2    | Bought a scroll of random uselessness for 13 gold pieces
 28580 | Orc:2    | Bought a scroll of identify for 26 gold pieces
 28580 | Orc:2    | Bought a scroll of teleportation for 39 gold pieces
 28580 | Orc:2    | Bought a scroll of teleportation for 39 gold pieces
 28580 | Orc:2    | Bought a scroll of teleportation for 39 gold pieces
 28580 | Orc:2    | Bought a scroll of recharging for 123 gold pieces
 28580 | Orc:2    | Bought a scroll of identify for 26 gold pieces
 28580 | Orc:2    | Bought a scroll of teleportation for 39 gold pieces
 28678 | Orc:2    | Noticed a stone giant
 28930 | D:13     | Reached XP level 15. HP: 101/144 MP: 14/24
 29104 | D:13     | Got a flickering bronze amulet
 29140 | D:13     | Noticed Josephine
 29177 | D:13     | Reached skill level 1 in Staves
 29206 | D:13     | Killed Josephine
 29263 | D:13     | Found a gate to the Vaults.
 29347 | D:13     | Found a deep blue altar of Sif Muna.
 30746 | D:14     | Noticed Urug
 30784 | D:14     | Killed Urug
 30826 | D:14     | Learned a level 2 spell: Repel Missiles
 30928 | D:14     | Reached skill level 5 in Staves
 30957 | D:14     | Reached skill level 15 in Invocations
 31412 | D:14     | Noticed Roxanne
 31707 | D:15     | Entered Level 15 of the Dungeon
 31779 | D:15     | Found a staircase to the Depths.
 31780 | D:15     | Noticed a fire giant
 31792 | D:15     | Killed a fire giant
 33188 | Snake:1  | Entered Level 1 of the Snake Pit
 33303 | Lair:4   | HP: 5/144 [shock serpent/bolt of electricity (31)]
 33304 | Lair:4   | Slain by a shock serpent

Skill      XL: |  1  2  3  4  5  6  7  8  9 10 11 12 13 14 15 |
---------------+----------------------------------------------+-----
Ice Magic      | 3 4 5 6 |  6.0
Conjurations   | 1 2 |  2.0
Spellcasting   | 2 |  2.0
Charms         | 1 2 3 |  3.0
Evocations     | 1 3 4 6 8 10 | 10.0
Invocations    | 3 4 5 8 9 10 14 15 | 15.0
Fighting       | 2 4 5 6 7 8 10 12 | 12.0
Dodging        | 3 4 5 7 11 12 14 15 | 15.0
Slings         | 3 5 6 7 9 11 12 | 12.0
Stealth        | 6 9 10 | 10.0
Armour         | 5 |  5.1
Staves         | 8 |  8.0

Action                   |  1- 3 |  4- 6 |  7- 9 | 10-12 | 13-15 || total
-------------------------+-------+-------+-------+-------+-------++-------
Melee: Dagger            |    18 |    19 |       |     3 |       ||    40
       Unarmed           |     1 |       |       |       |       ||     1
 Fire: Hunting sling     |       |    78 |   219 |  1073 |  2587 ||  3957
 Cast: Freeze            |    49 |    77 |   114 |   402 |   159 ||   801
       Throw Frost       |     2 |       |    13 |     4 |    11 ||    30
       Ozocubu's Armour  |       |     2 |    10 |    49 |    64 ||   125
       Repel Missiles    |       |       |       |       |     2 ||     2
Invok: Minor Destruction |       |     5 |       |       |    32 ||    37
       Lesser Servant of |       |       |     2 |       |    29 ||    31
       Major Destruction |       |       |       |       |     3 ||     3
 Abil: Device Recharging |       |       |     1 |       |       ||     1
Evoke: Wand              |       |    13 |     3 |    11 |    76 ||   103
  Use: Scroll            |       |       |    10 |    11 |    16 ||    37
       Potion            |       |       |     2 |     2 |     9 ||    13
 Stab: Sleeping          |     3 |     2 |       |       |       ||     5
  Eat: Chunk             |     3 |     9 |    17 |    34 |    41 ||   104
       Pizza             |       |       |       |     2 |       ||     2
       Beef jerky        |       |       |       |     2 |       ||     2
       Bread ration      |       |       |       |     2 |     1 ||     3
       Meat ration       |       |       |       |       |     1 ||     1
Armor: Robe              |     9 |    15 |    20 |       |       ||    44
       Skin              |       |       |    65 |       |       ||    65
       Leather armour    |       |       |    16 |   191 |   251 ||   458
Dodge: Dodged            |    32 |    49 |   156 |   665 |  1240 ||  2142
       Deflected         |       |       |       |       |     3 ||     3
